TOP OF THE 1ST |
Mancelona Torch batting - Pitching for Connetquot Chiefs : RHP Winston Wenham
|
Pitching: RHP Winston Wenham
|
|
Batting: RHB José Córdova
|
0-0: Called Strike 0-1: DOUBLE (Line Drive, 7LD)
|
Batting: RHB Kyle Vandenbrink
|
0-0: Foul Ball, location: 2F 0-1: Ball 1-1: Ball 2-1: SINGLE (Groundball, 4MD) José Córdova to third Runner from 3rd tries for Home, SAFE, no throw
|
Batting: RHB Blake Snow
|
0-0: Ball 1-0: Fly out, F6 (Popup, 6S)
|
Batting: RHB Ratko Ralevic
|
0-0: Ball 1-0: Ball 2-0: Foul Ball, location: 2F 2-1: Called Strike 2-2: SINGLE (Flyball, 89S) Kyle Vandenbrink to second Runner from 2nd tries for 3rd, SAFE, no throw
|
Batting: LHB Badry Maksimenov
|
0-0: Swinging Strike 0-1: Foul Ball, location: 2F 0-2: Strikes out swinging
|
Batting: RHB Armando Pacheco
|
0-0: SINGLE (Line Drive, 8LS) Kyle Vandenbrink scores Ratko Ralevic to second
|
Batting: RHB Jim Unknown
|
0-0: Ball 1-0: Ball 2-0: Called Strike 2-1: Ball 3-1: Foul Ball, location: 2F 3-2: Foul Ball, location: 2F 3-2: Fly out, F9 (Flyball, 9LMF)
|
Top of the 1st over - 2 run(s), 4 hit(s), 0 error(s), 2 left on base; Mancelona 2 - Connetquot 0 |
BOTTOM OF THE 1ST |
Connetquot Chiefs batting - Pitching for Mancelona Torch : RHP Arturo Guerrero
|
Pitching: RHP Arturo Guerrero
|
|
Batting: RHB Felipe Córdova
|
0-0: Called Strike 0-1: Called Strike 0-2: Strikes out swinging
|
Batting: LHB Roberto Valle
|
0-0: SOLO HOME RUN (Line Drive, 9D), Distance : 401 ft
|
Batting: RHB Rob McGinnity
|
0-0: Called Strike 0-1: Foul Ball, location: 2F 0-2: Reached on error, E5 (Groundball, 56)
|
Batting: LHB Denis Jerningham
|
0-0: SINGLE (Groundball, 4D) Rob McGinnity to second Runner from 2nd tries for 3rd, SAFE, throw made to third
|
Batting: RHB Cristián Ramírez
|
0-0: Ball 1-0: Ball 2-0: Called Strike 2-1: Ball 3-1: Foul Ball, location: 2F 3-2: Base on Balls Denis Jerningham to second
|
Batting: RHB Enrique García
|
0-0: Called Strike 0-1: Foul Ball, location: 2F 0-2: Ball 1-2: Ball 2-2: Strikes out swinging
|
Batting: RHB Júlio Flores
|
0-0: Ball 1-0: Foul Ball, location: 2F 1-1: Fielders Choice at 2nd, U6 (Groundball, 6M)
|
Bottom of the 1st over - 1 run(s), 2 hit(s), 1 error(s), 3 left on base; Mancelona 2 - Connetquot 1 |
TOP OF THE 2ND |
Mancelona Torch batting - Pitching for Connetquot Chiefs : RHP Winston Wenham
|
Batting: LHB Jim Halpert
|
0-0: Ball 1-0: Called Strike 1-1: Foul Ball, location: 2F 1-2: Ball 2-2: Foul Ball, location: 2F 2-2: Foul Ball, location: 2F 2-2: Ground out 5-3 (Groundball, 5)
|
Batting: RHB Burt Babbs
|
0-0: Called Strike 0-1: DOUBLE (Line Drive, 7LS)
|
Batting: RHB José Córdova
|
0-0: Ball 1-0: Called Strike Burt Babbs steals 3rd base 1-1: Called Strike 1-2: Strikes out looking
|
Batting: RHB Kyle Vandenbrink
|
0-0: Ball 1-0: Ball 2-0: Fly out, F8 (Line Drive, 8RS)
|
Top of the 2nd over - 0 run(s), 1 hit(s), 0 error(s), 1 left on base; Mancelona 2 - Connetquot 1 |
BOTTOM OF THE 2ND |
Connetquot Chiefs batting - Pitching for Mancelona Torch : RHP Arturo Guerrero
|
Batting: RHB Peter Geib
|
0-0: Foul Ball, location: 2F 0-1: Called Strike 0-2: Ground out U3 (Groundball, 3L)
|
Batting: SHB Jim Unknown
|
0-0: Ball 1-0: SINGLE (Line Drive, 34D)
|
Batting: RHB Felipe Córdova
|
0-0: Ball 1-0: Called Strike 1-1: Called Strike 1-2: Ball 2-2: Ground out 3-1 (Groundball, 34S) Jim Unknown to second
|
Batting: LHB Roberto Valle
|
0-0: Foul Ball, location: 2F 0-1: Ball 1-1: Swinging Strike 1-2: Ground out 1-3 (Groundball, 15S)
|
Bottom of the 2nd over - 0 run(s), 1 hit(s), 0 error(s), 1 left on base; Mancelona 2 - Connetquot 1 |
TOP OF THE 3RD |
Mancelona Torch batting - Pitching for Connetquot Chiefs : RHP Winston Wenham
|
Batting: RHB Blake Snow
|
0-0: Ball 1-0: Foul Ball, location: 2F 1-1: Swinging Strike 1-2: Strikes out swinging, 2-3 out at first.
|
Batting: RHB Ratko Ralevic
|
0-0: Foul Ball, location: 2F 0-1: Called Strike 0-2: Ball 1-2: Strikes out swinging
|
Batting: LHB Badry Maksimenov
|
0-0: Ball 1-0: Called Strike 1-1: Called Strike 1-2: SINGLE (Line Drive, 4MD)
|
Batting: RHB Armando Pacheco
|
0-0: Foul Ball, location: 2F 0-1: Swinging Strike 0-2: Ball Badry Maksimenov is caught stealing 2nd base
|
Top of the 3rd over - 0 run(s), 1 hit(s), 0 error(s), 0 left on base; Mancelona 2 - Connetquot 1 |
BOTTOM OF THE 3RD |
Connetquot Chiefs batting - Pitching for Mancelona Torch : RHP Arturo Guerrero
|
Batting: RHB Rob McGinnity
|
0-0: Ball 1-0: Foul Ball, location: 2F 1-1: Foul Ball, location: 2F 1-2: Strikes out swinging
|
Batting: LHB Denis Jerningham
|
0-0: Ground out U3 (Groundball, 34S)
|
Batting: RHB Cristián Ramírez
|
0-0: Ball 1-0: Ball 2-0: Ball 3-0: Base on Balls
|
Batting: RHB Enrique García
|
0-0: Ball 1-0: Called Strike 1-1: Fly out, F4 (Line Drive, 4)
|
Bottom of the 3rd over - 0 run(s), 0 hit(s), 0 error(s), 1 left on base; Mancelona 2 - Connetquot 1 |
TOP OF THE 4TH |
Mancelona Torch batting - Pitching for Connetquot Chiefs : RHP Winston Wenham
|
Batting: RHB Armando Pacheco
|
0-0: Ball 1-0: SINGLE (Line Drive, 4MD)
|
Batting: RHB Jim Unknown
|
0-0: Ball 1-0: Fly out, F7 (Flyball, 78S)
|
Batting: LHB Jim Halpert
|
0-0: Ball Armando Pacheco steals 2nd base 1-0: Called Strike Armando Pacheco steals 3rd base 1-1: Foul Ball, location: 2F 1-2: Foul Ball, location: 2F 1-2: Strikes out swinging
|
Batting: RHB Burt Babbs
|
0-0: Ball 1-0: Swinging Strike 1-1: Ball 2-1: Called Strike 2-2: Strikes out swinging
|
Top of the 4th over - 0 run(s), 1 hit(s), 0 error(s), 1 left on base; Mancelona 2 - Connetquot 1 |
BOTTOM OF THE 4TH |
Connetquot Chiefs batting - Pitching for Mancelona Torch : RHP Arturo Guerrero
|
Batting: RHB Júlio Flores
|
0-0: Swinging Strike 0-1: Ground out 5-3 (Groundball, 5)
|
Batting: RHB Peter Geib
|
0-0: Called Strike 0-1: Foul Ball, location: 2F 0-2: Hit by Pitch
|
Pinch Runner at 1st Steve Orwig:
|
|
Batting: SHB Jim Unknown
|
0-0: Called Strike 0-1: Ball 1-1: Swinging Strike 1-2: Foul Ball, location: 2F 1-2: Foul Ball, location: 2F 1-2: Fly out, F8 (Line Drive, 8RM)
|
Batting: RHB Felipe Córdova
|
0-0: Ball Steve Orwig steals 2nd base 1-0: Ball 2-0: Foul Ball, location: 2F 2-1: Foul Ball, location: 2F 2-2: DOUBLE (Line Drive, 89D) Steve Orwig scores
|
Batting: LHB Roberto Valle
|
0-0: Called Strike 0-1: Ball 1-1: Ground out U3 (Groundball, 34)
|
Bottom of the 4th over - 1 run(s), 1 hit(s), 0 error(s), 1 left on base; Mancelona 2 - Connetquot 2 |
TOP OF THE 5TH |
Mancelona Torch batting - Pitching for Connetquot Chiefs : RHP Winston Wenham
|
Now at 3B: Steve Orwig
|
|
Batting: RHB José Córdova
|
0-0: Swinging Strike 0-1: Ball 1-1: Ground out 5-3 (Groundball, 5S)
|
Batting: RHB Kyle Vandenbrink
|
0-0: Ball 1-0: Ball 2-0: Fly out, F7 (Line Drive, 7LM)
|
Batting: RHB Blake Snow
|
0-0: Called Strike 0-1: Ball 1-1: SINGLE (Line Drive, 8RS)
|
Batting: RHB Ratko Ralevic
|
0-0: Ball 1-0: Ball 2-0: Ground out 5-3 (Groundball, 5S)
|
Top of the 5th over - 0 run(s), 1 hit(s), 0 error(s), 1 left on base; Mancelona 2 - Connetquot 2 |
BOTTOM OF THE 5TH |
Connetquot Chiefs batting - Pitching for Mancelona Torch : RHP Arturo Guerrero
|
Batting: RHB Rob McGinnity
|
0-0: Fly out, F9 (Flyball, 9LS)
|
Batting: LHB Denis Jerningham
|
0-0: Foul Ball, location: 2F 0-1: Foul Ball, location: 2F 0-2: Strikes out swinging
|
Batting: RHB Cristián Ramírez
|
0-0: Hit by Pitch
|
Pitching: LHP Tyler Lund
|
|
Batting: RHB Enrique García
|
0-0: Called Strike 0-1: Fly out, F8 (Line Drive, 8RM)
|
Bottom of the 5th over - 0 run(s), 0 hit(s), 0 error(s), 1 left on base; Mancelona 2 - Connetquot 2 |
TOP OF THE 6TH |
Mancelona Torch batting - Pitching for Connetquot Chiefs : RHP Winston Wenham
|
Batting: LHB Badry Maksimenov
|
0-0: Called Strike 0-1: Foul Ball, location: 2F 0-2: Strikes out swinging
|
Batting: RHB Armando Pacheco
|
0-0: Foul Ball, location: 2F 0-1: Ball 1-1: Ball 2-1: Ball 3-1: DOUBLE (Line Drive, 78D)
|
Batting: RHB Jim Unknown
|
0-0: Called Strike 0-1: SINGLE (Line Drive, 8RS) Armando Pacheco to third Runner from 3rd tries for Home, SAFE, no throw
|
Batting: LHB Jim Halpert
|
0-0: Called Strike 0-1: Foul Ball, location: 2F 0-2: Ball 1-2: Strikes out swinging
|
Batting: RHB Burt Babbs
|
0-0: Swinging Strike 0-1: Ball 1-1: SINGLE (Line Drive, 8LS) Jim Unknown to second
|
Batting: RHB José Córdova
|
0-0: Foul Ball, location: 2F 0-1: Fly out, F8 (Flyball, 8RS)
|
Top of the 6th over - 1 run(s), 3 hit(s), 0 error(s), 2 left on base; Mancelona 3 - Connetquot 2 |
BOTTOM OF THE 6TH |
Connetquot Chiefs batting - Pitching for Mancelona Torch : LHP Tyler Lund
|
Batting: RHB Júlio Flores
|
0-0: SINGLE (Groundball, 6M) (infield hit)
|
Batting: RHB Steve Orwig
|
0-0: Bunt missed! 0-1: Bunted foul 0-2: Ball 1-2: Foul Ball, location: 2F 1-2: Ground out 5-3 (Groundball, 5S) Júlio Flores to second
|
Batting: SHB Jim Unknown
|
0-0: Foul Ball, location: 2F 0-1: Foul Ball, location: 2F 0-2: Ball 1-2: Ball 2-2: Strikes out swinging
|
Batting: RHB Felipe Córdova
|
0-0: Called Strike 0-1: Swinging Strike 0-2: Ball 1-2: Ball 2-2: Ball 3-2: Foul Ball, location: 2F 3-2: Base on Balls
|
Batting: LHB Roberto Valle
|
0-0: Ball 1-0: Swinging Strike 1-1: Foul Ball, location: 2F 1-2: Ball 2-2: Fielders Choice at 2nd, 4-6 (Groundball, 4)
|
Bottom of the 6th over - 0 run(s), 1 hit(s), 0 error(s), 1 left on base; Mancelona 3 - Connetquot 2 |
TOP OF THE 7TH |
Mancelona Torch batting - Pitching for Connetquot Chiefs : RHP Winston Wenham
|
Batting: RHB Kyle Vandenbrink
|
0-0: Ball 1-0: Ground out 4-3 (Groundball, 4)
|
Batting: RHB Blake Snow
|
0-0: Foul Ball, location: 2F 0-1: Fly out, F3 (Flyball, 3DF)
|
Batting: RHB Ratko Ralevic
|
0-0: Called Strike 0-1: Swinging Strike 0-2: Strikes out swinging, 2-3 out at first.
|
Top of the 7th over - 0 run(s), 0 hit(s), 0 error(s), 0 left on base; Mancelona 3 - Connetquot 2 |
BOTTOM OF THE 7TH |
Connetquot Chiefs batting - Pitching for Mancelona Torch : LHP Tyler Lund
|
Batting: RHB Rob McGinnity
|
0-0: Ball 1-0: Swinging Strike 1-1: Swinging Strike 1-2: Ball 2-2: Strikes out swinging
|
Batting: LHB Denis Jerningham
|
0-0: Ball 1-0: Ball 2-0: Ball 3-0: Called Strike 3-1: Foul Ball, location: 2F 3-2: Foul Ball, location: 2F 3-2: Foul Ball, location: 2F 3-2: Base on Balls
|
Batting: RHB Cristián Ramírez
|
0-0: Called Strike 0-1: Ball 1-1: Swinging Strike 1-2: Strikes out swinging
|
Pinch Hitting: RHB Alfredo Escalante
|
0-0: Ball 1-0: Foul Ball, location: 2F 1-1: Foul Ball, location: 2F 1-2: Foul Ball, location: 2F 1-2: Strikes out swinging
|
Bottom of the 7th over - 0 run(s), 0 hit(s), 0 error(s), 1 left on base; Mancelona 3 - Connetquot 2 |
TOP OF THE 8TH |
Mancelona Torch batting - Pitching for Connetquot Chiefs : RHP Winston Wenham
|
Now at 1B: Gioacchino Basaglia
|
|
Batting: LHB Badry Maksimenov
|
0-0: Called Strike 0-1: Swinging Strike 0-2: SINGLE (Groundball, 4M) (infield hit)
|
Pitching: RHP Pedro Leyva
|
|
Batting: RHB Armando Pacheco
|
0-0: Ball 1-0: Sac Bunt - play at first, batter OUT! 1-4 Badry Maksimenov to second
|
Pinch Hitting: LHB Yataro Matsuura
|
0-0: Intentional Walk
|
Batting: LHB Jim Halpert
|
0-0: Fielders Choice at 2nd, 6-4 (Groundball, 6) Badry Maksimenov to third
|
Batting: RHB Burt Babbs
|
0-0: Ball 1-0: Called Strike 1-1: Ball 2-1: Swinging Strike 2-2: Foul Ball, location: 2F 2-2: Ball 3-2: Base on Balls Jim Halpert to second
|
Pinch Hitting: LHB Jorge Morín
|
0-0: Ball 1-0: Ball 2-0: Ball 3-0: Called Strike 3-1: DOUBLE (Groundball, 5L) Badry Maksimenov scores Jim Halpert scores Burt Babbs to third Runner from 3rd tries for Home, SAFE, no throw
|
Batting: RHB Kyle Vandenbrink
|
0-0: Swinging Strike 0-1: Foul Ball, location: 2F 0-2: Foul Ball, location: 2F 0-2: Ball 1-2: Strikes out swinging
|
Top of the 8th over - 3 run(s), 2 hit(s), 0 error(s), 1 left on base; Mancelona 6 - Connetquot 2 |
BOTTOM OF THE 8TH |
Connetquot Chiefs batting - Pitching for Mancelona Torch : LHP Tyler Lund
|
Now at 1B: Yataro Matsuura
|
|
Now at SS: Juan Hernández
|
|
Batting: RHB Júlio Flores
|
0-0: Ball 1-0: Ball 2-0: Called Strike 2-1: Called Strike 2-2: Strikes out swinging
|
Batting: RHB Steve Orwig
|
0-0: Fly out, F9 (Line Drive, 9LM)
|
Batting: SHB Jim Unknown
|
0-0: Called Strike 0-1: Ball 1-1: Called Strike 1-2: Strikes out swinging
|
Bottom of the 8th over - 0 run(s), 0 hit(s), 0 error(s), 0 left on base; Mancelona 6 - Connetquot 2 |
TOP OF THE 9TH |
Mancelona Torch batting - Pitching for Connetquot Chiefs : RHP Pedro Leyva
|
Batting: RHB Blake Snow
|
0-0: Ball 1-0: SINGLE (Line Drive, 34D)
|
Batting: RHB Ratko Ralevic
|
Balk! Blake Snow to second 0-0: Called Strike 0-1: Called Strike 0-2: Ball 1-2: Foul Ball, location: 2F 1-2: Foul Ball, location: 2F 1-2: Ball 2-2: Ball 3-2: Foul Ball, location: 2F 3-2: Base on Balls
|
Batting: LHB Badry Maksimenov
|
0-0: Called Strike 0-1: Foul Ball, location: 2F 0-2: Strikes out swinging
|
Batting: RHB Armando Pacheco
|
0-0: Ball 1-0: Ball 2-0: Called Strike 2-1: Fly out, F7 (Flyball, 7)
|
Batting: LHB Yataro Matsuura
|
0-0: Called Strike 0-1: Ball 1-1: Foul Ball, location: 2F 1-2: Fly out, F7 (Flyball, 78M)
|
Top of the 9th over - 0 run(s), 1 hit(s), 0 error(s), 2 left on base; Mancelona 6 - Connetquot 2 |
BOTTOM OF THE 9TH |
Connetquot Chiefs batting - Pitching for Mancelona Torch : LHP Tyler Lund
|
Batting: RHB Felipe Córdova
|
0-0: Called Strike 0-1: Ball 1-1: Called Strike 1-2: SINGLE (Line Drive, 34D)
|
Pitching: RHP Jason Millward
|
|
Batting: LHB Roberto Valle
|
0-0: SINGLE (Line Drive, 78S) Felipe Córdova to second
|
Pitching: RHP Wong Fei-Hung
|
|
Batting: RHB Rob McGinnity
|
0-0: Ball 1-0: Fielders Choice at 2nd, 5-4 (Groundball, 56) Felipe Córdova to third
|
Batting: LHB Denis Jerningham
|
0-0: Ball 1-0: Foul Ball, location: 2F 1-1: Ball 2-1: Foul Ball, location: 2F 2-2: Ball 3-2: Strikes out swinging
|
Batting: RHB Cristián Ramírez
|
0-0: Called Strike 0-1: Called Strike 0-2: Strikes out swinging
|
Bottom of the 9th over - 0 run(s), 2 hit(s), 0 error(s), 2 left on base; Mancelona 6 - Connetquot 2 |
|